 Dungeon Crawl Stone Soup version 0.28-b1-70-g80dc712255 (webtiles) character file.

Game seed: 9428264954372044240

406 pkoi the Conjurer (level 6, -3/45 HPs)
             Began as a Draconian Conjurer on Feb 3, 2022.
             Slain by a gnoll sergeant (10 damage)
             ... on level 4 of the Dungeon.
             The game lasted 00:04:12 (4022 turns).

pkoi the Conjurer (Draconian Conjurer)              Turns: 4022, Time: 00:04:12

Health: -3/45      AC:  6    Str: 10    XL:     6   Next: 56%
Magic:  6/12       EV: 12    Int: 20    God:
Gold:   120        SH:  0    Dex:  9    Spells: 6/13 levels left

rFire   . . .      SeeInvis .   i - +0 dagger (venom)
rCold   . . .      Faith    .   (no shield)
rNeg    . . .      Spirit   .   (armour unavailable)
rPois   .          Reflect  .   (helmet restricted)
rElec   .          Harm     .   r - scarf {shadows}
rCorr   .          Rampage  .   (no gloves)
Will    .....                   (no boots)
Stlth   ++........              o - amulet of magic regeneration
HPRegen 0.15/turn               (no ring)
MPRegen 0.53/turn               (no ring)

@: no status effects
A: AC +6, unfitting armour, cold-blooded
a: no special abilities


You were on level 4 of the Dungeon.
You visited 1 branch of the dungeon, and saw 4 of its levels.

You collected 120 gold pieces.

Inventory:

Hand Weapons
 b - a +0 whip of draining
 i - a +0 dagger of venom (weapon)
Missiles
 k - 2 poisoned darts
Armour
 r - a scarf of shadows (worn)
 s - a +2 pair of gloves
Jewellery
 o - an amulet of magic regeneration (around neck)
Wands
 n - a wand of digging (8)
Scrolls
 a - a scroll of magic mapping {unknown}
 d - 2 scrolls of enchant armour
 h - 4 scrolls of teleportation
 m - a scroll of identify
Potions
 c - 2 potions of brilliance {unknown}
 e - a potion of heal wounds
 f - 2 potions of ambrosia
 g - a potion of flight {unknown}
 j - 2 potions of curing {unknown}
 l - a potion of mutation {unknown}
 p - 2 potions of might {unknown}


   Skills:
 - Level 1.7 Dodging
 - Level 1.7 Stealth
 + Level 4.0 Spellcasting
 * Level 6.9 Conjurations


You had 6 spell levels left.
You knew the following spells:

 Your Spells              Type           Power      Damage    Failure   Level
a - Magic Dart            Conj           100%       1d8       1%          1
b - Searing Ray           Conj           62%        2d6       1%          2
c - Iskenderun's Mystic   Conj/Tloc      17%        2d5       30%         4

Your spell library contained the following spells:

 Spells                   Type           Power      Damage    Failure   Level
 Dazzling Flash           Conj/Hex       34%        N/A       10%         3
 Fulminant Prism          Conj/Hex       8%         3d7       30%         4


Dungeon Overview and Level Annotations

Branches:
Dungeon (4/15)
 Temple: D:4-7

Altars:
Fedhas
Wu Jian
The Shining One


Innate Abilities, Weirdness & Mutations

Your plain brown scales are hard. (AC +6)
You cannot fit into any form of body armour.
You are cold-blooded and may be slowed by cold attacks.


Message History

Aiming: Searing Ray (safe; 1% risk of failure)
Press: ? - help, Shift-Dir - straight line, f - gnoll sergeant
Aim: a gnoll sergeant, wielding a +0 vorpal spear and wearing a +0 ring mail (moderately wounded, 85% to hit)
The searing ray hits the gnoll sergeant.
The gnoll sergeant is heavily wounded. (Press . to maintain the ray.)
The gnoll sergeant hits you with a +0 vorpal spear.
The gnoll barely misses you.
The gnoll sergeant hits you with a +0 vorpal spear!
The gnoll sergeant hits you from afar with a +0 vorpal spear.
Casting: Searing Ray (safe; 1% risk of failure)
Confirm with . or Enter, or press ? or * to list all spells.
Aiming: Searing Ray (safe; 1% risk of failure)
Press: ? - help, Shift-Dir - straight line, p - gnoll sergeant The searing ray hits the gnoll.
The gnoll is heavily wounded.
The searing ray hits the gnoll.
The gnoll is heavily wounded.
The searing ray hits the gnoll.
The gnoll is almost dead. (Press . to maintain the ray.)
The gnoll barely misses you.
The gnoll sergeant hits you from afar with a +0 vorpal spear!
* * * LOW HITPOINT WARNING * * *
x2 The searing ray hits the gnoll.
You kill the gnoll!
The searing ray hits the gnoll!
You kill the gnoll!
The searing ray hits the gnoll.
You kill the gnoll!
The gnoll sergeant hits you from afar with a +0 vorpal spear.
* * * LOW HITPOINT WARNING * * *
x2 Your Spellcasting skill increases to level 4!
The searing ray hits the gnoll!
You kill the gnoll!
The gnoll sergeant closely misses you.
Unknown command.
You finish channelling your searing ray.
The gnoll sergeant hits you from afar with a +0 vorpal spear!
You die...

##......#.##≈≈#... ≈≈...#.)......
.##.......##≈≈#... ≈≈...##....#..
.8#..##.....≈≈#... ≈≈....#....#..
..'...#...#.≈###'## ≈....#.#..###
.8#.......#.≈##≈g≈##≈......#.....
.##.......##≈≈≈≈)≈≈≈≈......###.#.
##.........#...g)# ##.##......#.
##.......#.#....)#########.....##
#...............@....##.##.......
#....................#...........
......# ........................
...†.# ........................
#..# .........................
#..## ##.....................#..#
#...##.........................##
##...#.........................##
............#####.............###


You could see a gnoll sergeant and a gnoll.

Vanquished Creatures
  An ogre (D:4)
  A water moccasin skeleton (D:4)
  3 hounds (D:4)
  Terence (D:2)
  3 adders
  4 gnolls (D:4)
  An adder skeleton (D:4)
  A worm (D:2)
  A dart slug (D:1)
  9 ball pythons
  5 bats
  12 endoplasms
  7 giant cockroaches
  6 goblins
  8 hobgoblins
  2 jackals (D:1)
  4 quokkas
  4 frilled lizards
  7 kobolds
  8 rats
88 creatures vanquished.

Vanquished Creatures (others)
  A plant (D:4)
1 creature vanquished.

Grand Total: 89 creatures vanquished

Notes
Turn   | Place    | Note
-------+----------+-------------------------------------------
     0 | D:1      | pkoi the Draconian Conjurer began the quest for the Orb.
     0 | D:1      | Reached XP level 1. HP: 14/14 MP: 3/3
   240 | D:1      | Reached XP level 2. HP: 17/20 MP: 1/5
   982 | D:1      | Found a faded altar of an unknown god.
  1050 | D:1      | Reached XP level 3. HP: 26/26 MP: 2/6
  1706 | D:2      | Reached skill level 5 in Conjurations
  2049 | D:2      | Noticed Terence
  2066 | D:2      | Killed Terence
  2067 | D:2      | Reached XP level 4. HP: 19/33 MP: 6/8
  2936 | D:3      | Found a glowing golden altar of the Shining One.
  2945 | D:3      | Found an ornate altar of the Wu Jian Council.
  3066 | D:4      | Found a blossoming altar of Fedhas.
  3121 | D:4      | Learned a level 2 spell: Searing Ray
  3126 | D:4      | Learned a level 4 spell: Iskenderun's Mystic Blast
  3401 | D:4      | Reached XP level 5. HP: 36/38 MP: 6/9
  3408 | D:4      | Noticed an ogre
  3459 | D:4      | Killed an ogre
  3460 | D:4      | Reached skill level 6 in Conjurations
  3673 | D:4      | Reached XP level 6. HP: 45/45 MP: 7/11
  4022 | D:4      | Slain by a gnoll sergeant

Illustrated notes

Levels and vault maps discovered:
D:1:      saegor_arrival_simple_d, layout_loops_ring,
          ebering_ecumenical_altar_ruins
D:2:      layout_rooms, serial_corexii_hall, corexii_hall_statues_l,
          corexii_hall_statues_u, uniq_terence
D:3:      layout_loops_cross, mainiacjoe_overflow_swirl
D:4:      layout_cave_pools, fedhas_altar_3, serial_shops, kennysheep_mini_moat,
          hangedman_decor_points, st_stairs_5, dk_noncrumbling_4,
          lightli_minifort

Skill      XL: |  1  2  3  4  5  6 |
---------------+-------------------+-----
Conjurations   | 5 6 |  6.9
Spellcasting   | 3 4 |  4.0
Dodging        | |  1.7
Stealth        | |  1.7

Action                   |  1- 3 |  4- 6 || total
-------------------------+-------+-------++-------
Melee: Whip              |     6 |       ||     6
       Dagger            |    33 |     3 ||    36
       Tailslap          |     6 |       ||     6
       Punch             |       |     1 ||     1
 Cast: Magic Dart        |    83 |    62 ||   145
       Searing Ray       |       |     7 ||     7
  Use: Scroll            |       |     7 ||     7
 Stab: Sleeping          |     1 |       ||     1
Armor: Skin              |    17 |     6 ||    23
Dodge: Dodged            |    23 |    11 ||    34
